Map: Blackpink LE

Players

Warmind - Winner!

  • Race: Protoss Protoss
  • League: Silver
  • Spawn Location: 1:00

Infamous

  • Race: Protoss Protoss
  • League: Bronze
  • Spawn Location: 7:00

VOD

Have the link to the VOD?

Description

Time

  • Played on: March 6, 2018, 12:47 p.m.
  • Length: 9:37
Show
View Real Time Build Order
Export as new Build Order

Warmind Protoss - Winner!

Build Orders: Zealot Archon 

Get SALT Encoding   

  12  0:02  Probe (Chrono Boost)  
  14  0:14  Probe (Chrono Boost)  
  14  0:21  Probe (Chrono Boost)  
  15  0:27  Pylon  
  15  0:42  Assimilator  
  15  0:46  Probe  
  16  0:58  Probe  
  16  1:00  Gateway  
  17  1:10  Probe (Chrono Boost)  
  18  1:22  Probe (Chrono Boost)  
  19  1:29  Probe (Chrono Boost)  
  19  1:30  Nexus  
  20  1:43  Assimilator  
  20  1:48  Zealot  
  22  2:03  Pylon  
  22  2:05  Probe (Chrono Boost)  
  23  2:20  Probe (Chrono Boost)  
  24  2:31  Probe  
  25  2:43  Probe  
  26  2:45  Cybernetics Core  
  26  2:47  Gateway  
  26  2:48  Gateway  
  26  2:50  Gateway  
  26  2:54  Probe (Chrono Boost)  
  27  3:04  Probe (Chrono Boost)  
  29  3:06  Probe (Chrono Boost)  
  30  3:12  Probe (Chrono Boost)  
  30  3:14  Zealot  
  30  3:15  Probe (Chrono Boost)  
  33  3:21  Probe (Chrono Boost)  
  33  3:22  Warp Gate  
  34  3:28  Twilight Council  
  34  3:34  Robotics Facility  
  34  3:44  Probe (Chrono Boost)  
  34  3:45  Forge  
  35  3:54  Probe (Chrono Boost)  
  36  3:59  Probe (Chrono Boost)  
  36  4:00  Adept  
  36  4:01  Adept  
  36  4:02  Adept  
  43  4:03  Adept  
  43  4:07  Resonating Glaives  
  45  4:20  Templar Archives  
  45  4:33  Pylon  
  45  4:36  Pylon  
  45  4:39  Pylon  
  45  4:41  Pylon  
  45  4:46  Pylon  
  45  4:54  Probe (Chrono Boost)  
  46  5:01  Assimilator  
  46  5:02  Assimilator  
  46  5:05  Probe (Chrono Boost)  
  48  5:08  Probe (Chrono Boost)  
  48  5:12  Immortal  
  53  5:15  Probe (Chrono Boost)  
  53  5:16  Probe (Chrono Boost)  
  53  5:20  Probe (Chrono Boost)  
  55  5:21  Probe (Chrono Boost)  
  55  5:25  Pylon  
  56  5:29  Pylon  
  56  5:31  Probe  
  56  5:33  Probe  
  58  5:36  High Templar  
  58  5:37  High Templar  
  58  5:39  High Templar  
  64  5:43  Probe  
  65  5:59  High Templar  
  65  6:02  Archon  
  67  6:04  Archon  
  67  6:12  Immortal  
  67  6:15  Adept x2  
  67  6:16  Adept  
  77  6:51  Observer  
  78  6:56  Nexus  
  78  6:57  Pylon  
  78  7:00  Pylon  
  78  7:01  High Templar x2  
  78  7:02  Pylon  
  78  7:05  Adept x2  
  86  7:10  Protoss Ground Weapons Level 1  
  86  7:12  Warp Prism  
  86  7:15  Gateway  
  88  7:16  Gateway  
  88  7:18  Gateway  
  88  7:19  Gateway  
  88  7:20  Gateway  
  88  7:34  Archon  
  88  7:41  Adept x3  
  88  7:42  Adept  
  96  7:49  Immortal  
  100  8:00  Pylon  
  100  8:06  Pylon  
  100  8:18  Pylon  
  100  8:21  Pylon  
  100  8:26  Pylon  
  100  8:28  Immortal  
  104  8:43  Stalker  
  104  8:44  Stalker x3  
  108  9:16  Stalker  
  108  9:17  Stalker x3  
Show
View Real Time Build Order
Export as new Build Order

Infamous Protoss 

Build Orders:  

Get SALT Encoding   

  12  0:03  Probe  
  13  0:16  Pylon  
  13  0:18  Probe (Chrono Boost)  
  14  0:36  Gateway  
  14  0:39  Probe  
  15  0:59  Probe  
  16  1:14  Probe  
  16  1:17  Pylon  
  17  1:23  Zealot  
  19  1:26  Probe (Chrono Boost)  
  19  1:29  Cybernetics Core  
  19  1:30  Pylon  
  20  1:38  Probe (Chrono Boost)  
  21  1:44  Probe (Chrono Boost)  
  22  1:54  Assimilator, Zealot  
  24  2:19  Probe  
  25  2:31  Probe  
  26  2:39  Pylon  
  26  2:40  Assimilator  
  26  2:43  Probe  
  27  2:45  Stalker  
  29  2:56  Warp Gate (Chrono Boost)  
  29  3:08  Probe  
  30  3:30  Probe, Nexus  
  31  3:41  Stalker  
  33  3:42  Probe  
  34  3:54  Probe  
  35  4:07  Gateway  
  35  4:10  Gateway  
  35  4:11  Sentry  
  35  4:17  Probe  
  38  4:29  Probe  
  39  4:47  Probe (Chrono Boost)  
  40  5:02  Twilight Council  
  40  5:06  Probe, Pylon  
  41  5:09  Assimilator  
  41  5:15  Stalker  
  41  5:16  Stalker  
  45  5:34  Probe  
  46  5:46  Probe  
  46  5:48  Pylon  
  46  5:49  Blink (Chrono Boost)  
  47  5:56  Robotics Facility  
  47  5:58  Probe  
  48  6:25  Sentry x2  
  52  6:39  Probe  
  53  6:56  Probe (Chrono Boost)  
  53  6:58  Pylon  
  53  6:59  Robotics Facility, Nexus  
  53  7:00  Robotics Facility  
  54  7:01  Pylon  
  54  7:02  Assimilator  
  54  7:04  Stalker x2  
  54  7:05  Stalker  
  61  7:15  Observer (Chrono Boost)  
  61  7:23  Probe  
  62  7:38  Pylon  
  62  7:40  Pylon  
  62  7:43  Resonating Glaives  
  62  7:51  Immortal x2 (Chrono Boost)  
  66  7:57  Immortal (Chrono Boost)  
  74  8:05  Pylon  
  74  8:12  Probe (Chrono Boost)  
  75  8:17  Stalker  
  75  8:18  Sentry x2  
  80  8:21  Probe (Chrono Boost)  
  80  8:25  Assimilator  
  80  8:26  Probe (Chrono Boost)  
  90  8:37  Immortal x2 (Chrono Boost)  
  90  8:38  Probe  
  91  8:48  Observer (Chrono Boost)  
  92  8:50  Probe  
  93  9:02  Probe  
  94  9:09  Observer  
  90  9:13  Stalker x3  
Tags
 
Composition
Zealot Archon
Matchup
PvP
Replay Pack
Last Remnant (2)
Spawn Locations
Cross Positions
Add a new tag
Caveats
  • Supply blocks, unpowered buildings, or Contaminate may cause inaccurate times.
  • Supply counts are checked every 10 seconds.